 Dungeon Crawl Stone Soup version 0.28-a0-1206-g193881aaa2 (webtiles) character file.

Game seed: 16513904339059914870

12854 HuGe the Cleaver (level 11, -9/97 HPs)
             Began as a Minotaur Berserker on Dec 20, 2021.
             Was a High Priest of Trog.
             Shot with an arrow by a centaur warrior (21 damage)
             ... on level 11 of the Dungeon.
             The game lasted 00:34:45 (10168 turns).

HuGe the Cleaver (Minotaur Berserker)              Turns: 10168, Time: 00:34:45

Health: -9/97      AC: 14    Str: 30    XL:     11   Next: 67%
Magic:  10/10      EV: 11    Int:  4    God:    Trog [*****.]
Gold:   281        SH: 17    Dex: 17    Spells: 10/10 levels left

rFire   + + +      SeeInvis .   r - +2 hand axe (freeze)
rCold   . . .      Faith    .   p - +0 tower shield
rNeg    . . .      Spirit   .   G - +6 scale mail "Bolof" {-Cast rPois rF+++ rCorr Dex-2}
rPois   +          Reflect  .   (helmet restricted)
rElec   .          Harm     .   (no cloak)
rCorr   +          Rampage  .   (no gloves)
Will    +....      NoCast   +   (no boots)
Stlth   +.........              e - amulet of regeneration
HPRegen 1.06/turn               j - ring of Noadew {Str+6 Dex+7}
MPRegen 0.12/turn               m - ring of willpower

@: no status effects
A: horns 2, retaliatory headbutt
a: Renounce Religion, Berserk, Trog's Hand, Brothers in Arms


You were on level 11 of the Dungeon.
You worshipped Trog.
Trog was extremely pleased with you.
You visited 1 branch of the dungeon, and saw 11 of its levels.
You also visited: Ossuary.

You collected 506 gold pieces.
You spent 225 gold pieces at shops.

Inventory:

Hand Weapons
 o - a +2 whip of flaming
 q - a +0 scythe of freezing
 r - a +2 hand axe of freezing (weapon)
 H - a +0 war axe
 O - a +0 battleaxe
 R - a +2 falchion of holy wrath
Missiles
 c - 61 bolts
 u - 108 sling bullets
 x - 47 poisoned darts (quivered)
 D - 3 javelins
 E - 2 throwing nets
 I - 19 boomerangs
Armour
 p - a +0 tower shield (worn)
 y - a scarf of invisibility
 G - the +6 scale mail "Bolof" (worn) {-Cast rPois rF+++ rCorr Dex-2}
   (You bought it in a shop on level 6 of the Dungeon)

   Dex:       It affects your dexterity (-2).
   rF:        It renders you almost immune to fire.
   rPois:     It protects you from poison.
   -Cast:     It prevents spellcasting.
   rCorr:     It protects you from acid and corrosion.
 T - a +0 cloak
Magical Staves
 s - a staff of earth
Jewellery
 a - an amulet of the acrobat
 e - an amulet of regeneration (around neck)
 i - a ring of fire
 j - the ring of Noadew (left hand) {Str+6 Dex+7}
   (You acquired it on level 2 of the Dungeon)

   [ring of strength]

   Str:       It affects your strength (+6).
   Dex:       It affects your dexterity (+7).
 m - a ring of willpower (right hand)
 J - an amulet of faith
Wands
 v - a wand of flame (45)
 F - a wand of iceblast (8)
 Q - a wand of polymorph (9)
Scrolls
 f - a scroll of brand weapon
 l - a scroll of silence
 t - a scroll of immolation
 A - a scroll of teleportation
 B - 2 scrolls of magic mapping
 C - 2 scrolls of fog
 K - 3 scrolls of fear {unknown}
 N - 2 scrolls of noise
 P - a scroll of amnesia {unknown}
 S - 2 scrolls of vulnerability {unknown}
 U - 3 scrolls of identify
 V - a scroll of acquirement
Potions
 b - 5 potions of heal wounds
 d - a potion of berserk rage
 g - 2 potions of magic
 h - 7 potions of haste
 k - a potion of attraction {unknown}
 n - 3 potions of curing
 w - a potion of flight {unknown}
 z - a potion of degeneration {unknown}
 L - a potion of might {unknown}
 M - 2 potions of ambrosia {unknown}


   Skills:
 + Level 9.4 Fighting
 + Level 4.3 Long Blades
 + Level 13.3 Axes
 + Level 0.7 Throwing
 + Level 9.4 Armour
 + Level 6.2 Dodging
 + Level 2.2 Stealth
 + Level 10.6 Shields


You had 10 spell levels left.
You didn't know any spells.
Your spell library was empty.

Dungeon Overview and Level Annotations

Branches:
Dungeon (11/15)            Temple (0/1) D:4             Orc (0/2) D:9
Ossuary (visited)
   Lair: D:8-11

Altars:
Fedhas
Gozag
Kikubaaqudgha
Makhleb
Nemelex Xobeh
Okawaru
Uskayaw
Vehumet
Wu Jian
Xom
Zin

Shops:
D:5 !(   D:6 [


Innate Abilities, Weirdness & Mutations

You have a pair of horns on your head.
You reflexively headbutt those who attack you in melee.


Message History

The centaur warrior unwields a +6 vorpal morningstar.
The centaur warrior wields a +0 shortbow.
The centaur warrior shoots an arrow.
You block the arrow.
The centaur warrior shoots an arrow.
You block the arrow.
Things that are here:
a +0 long sword; a +0 chain mail The centaur warrior shoots an arrow.
The arrow closely misses you.
The centaur warrior shoots an arrow.
The arrow barely misses you.
The centaur warrior shoots an arrow.
You block the arrow.
The centaur warrior shoots an arrow.
You block the arrow.
The centaur warrior shoots an arrow.
The arrow hits you!
The centaur warrior shoots an arrow.
You block the arrow.
You feel yourself speed up.
The centaur warrior shoots an arrow.
The arrow barely misses you.
The centaur warrior shoots an arrow.
You block the arrow.
The centaur warrior shoots an arrow.
You block the arrow.
The centaur warrior shoots an arrow.
The arrow hits you!
The centaur warrior shoots an arrow.
The arrow hits you!
* * * LOW HITPOINT WARNING * * *
The centaur warrior shoots an arrow.
The arrow hits you!
* * * LOW HITPOINT WARNING * * *
The centaur warrior shoots an arrow.
You block the arrow.
The centaur warrior shoots an arrow.
You block the arrow.
The centaur warrior shoots an arrow.
You block the arrow. The fire crab breathes flames at you.
The blast of flame engulfs you but does no damage.
You are engulfed in blazing flames.
You resist.
* * * LOW HITPOINT WARNING * * *
The fire crab breathes flames at you.
The blast of flame engulfs you but does no damage.
You are engulfed in blazing flames.
You resist.
* * * LOW HITPOINT WARNING * * *
You recover from your berserk rage.
The centaur warrior shoots an arrow.
You block the arrow.
The centaur warrior shoots an arrow.
You block the arrow.
You see here a +0 morningstar.
The centaur warrior shoots an arrow.
The arrow hits you.
* * * LOW HITPOINT WARNING * * *
The centaur warrior shoots an arrow.
The arrow hits you!!
You die...

#.# ### ... ..#
#.######### #.#
#.........### #.#
#.#######.... #####.####
#.###.###.##.
#........####.##.........
#.###<##@)...t....###...#
#.#####....c### #..## ..#
##...######..# ####
##..........#
#.########.+ #.# .# #+#
.#


You could see a centaur warrior and a fire crab.

Vanquished Creatures
  Erolcha (D:9)
  A two-headed ogre (D:9)
  Pikel (D:5)
  An orc knight (D:11)
  A cyclops (D:11)
  A kobold demonologist (D:10)
  A queen bee (shapeshifter) (D:10)
  The ghost of shoop the Chopper, an amateur PaAK of Lugonu (D:3)
  A troll (D:9)
  Grinder (D:3)
  Sigmund (D:3)
  A wyvern (D:8)
  5 shadows
  10 yaks
  2 wraiths (Ossuary)
  2 steam dragons
  Grum (D:9)
  An acid dragon (D:10)
  4 water moccasins
  2 orc warriors
  A sky beast (D:6)
  2 hornet zombies (D:8)
  2 black bears
  3 necrophages
  4 centaurs
  3 phantoms
  3 wolves (D:9)
  4 lemures (D:5)
  2 gnoll sergeants
  7 bullfrogs
  3 kobold brigands (D:8)
  2 scorpions (D:7)
  2 troll zombies (D:9)
  16 killer bees
  11 wights
  4 howler monkeys
  4 centaur zombies
  4 hounds
  2 bullfrog skeletons
  2 gnoll shamans
  6 orc priests
  3 jellies
  A centaur skeleton (D:4)
  4 iguanas
  6 orc wizards
  5 ogre zombies (D:9)
  A hound skeleton (D:3)
  A mummy (D:7)
  3 howler monkey zombies
  16 gnolls
  5 adders
  3 shadow imps
  A white imp (D:7)
  3 adder zombies
  2 adder skeletons (D:4)
  2 worms
  4 dart slugs
  24 orcs
  11 bats
  4 endoplasms
  A giant cockroach (D:4)
  11 hobgoblins
  15 kobolds
  A quokka (D:4)
  7 ball pythons
  A ball python skeleton (Ossuary)
  4 goblin zombies (D:9)
  2 hobgoblin skeletons (D:9)
  4 hobgoblin zombies
  A jackal skeleton (D:4)
  2 kobold zombies (D:7)
  10 orc skeletons
  12 orc zombies
  6 rats
  7 bushes (D:2)
309 creatures vanquished.

Vanquished Creatures (others)
  A gnoll shaman (D:4)
  5 kobolds
  6 plants
12 creatures vanquished.

Grand Total: 321 creatures vanquished

Notes
Turn   | Place    | Note
-------+----------+-------------------------------------------
     0 | D:1      | HuGe the Minotaur Berserker began the quest for the Orb.
     0 | D:1      | Reached XP level 1. HP: 19/19 MP: 0/0
    37 | D:1      | Found a faded altar of an unknown god.
   266 | D:1      | You fall into a shaft and drop 1 floor!
   326 | D:1      | Reached XP level 2. HP: 15/27 MP: 1/1
   809 | D:1      | Reached skill level 4 in Axes
  1182 | D:2      | Reached XP level 3. HP: 34/34 MP: 2/2
  1192 | D:2      | Reached ** piety under Trog
  2182 | D:2      | Identified a scroll of acquirement
  2182 | D:2      | Acquired the ring of Noadew {Str+6 Dex+7}
  2408 | D:3      | Reached XP level 4. HP: 41/41 MP: 3/3
  2464 | D:3      | Noticed Sigmund
  2471 | D:3      | Killed Sigmund
  2472 | D:3      | Reached skill level 5 in Fighting
  2472 | D:3      | Reached skill level 5 in Axes
  2472 | D:3      | Reached skill level 1 in Shields
  2472 | D:3      | Reached XP level 5. HP: 48/48 MP: 4/4
  2527 | D:3      | Found an ancient bone altar of Kikubaaqudgha.
  2620 | D:3      | Found a runed translucent door.
  2621 | D:3      | Noticed shoop's ghost (amateur PaAK)
  2632 | D:3      | Killed shoop's ghost
  2633 | D:3      | Reached skill level 6 in Axes
  2633 | D:3      | Reached skill level 1 in Stealth
  2633 | D:3      | Reached XP level 6. HP: 56/56 MP: 5/5
  2799 | D:3      | Noticed Grinder
  2818 | D:3      | Killed Grinder
  2819 | D:3      | Reached XP level 7. HP: 60/61 MP: 6/6
  2843 | D:4      | Reached skill level 7 in Axes
  2966 | D:4      | Reached *** piety under Trog
  3229 | D:4      | Found a staircase to the Ecumenical Temple.
  3352 | D:4      | Found a shimmering altar of Xom.
  3535 | D:5      | Entered Level 5 of the Dungeon
  3617 | D:5      | Reached XP level 8. HP: 70/70 MP: 7/7
  3917 | D:5      | Found Loploun's Hydra Hut.
  3919 | D:5      | Noticed Pikel
  3957 | D:5      | Noticed a four-headed hydra
  4020 | D:5      | Killed Pikel
  4021 | D:5      | Reached skill level 8 in Axes
  4021 | D:5      | Reached skill level 5 in Armour
  4021 | D:5      | Reached skill level 5 in Shields
  4230 | D:5      | Reached skill level 9 in Axes
  4398 | D:5      | Found Madaps's Distillery.
  4709 | D:5      | Found a sparkling altar of Nemelex Xobeh.
  5387 | D:6      | Reached XP level 9. HP: 76/78 MP: 8/8
  5398 | D:6      | Reached skill level 10 in Axes
  5591 | D:6      | Found Furer's Antique Armour Boutique.
  5599 | D:6      | Bought a translucent scale mail for 225 gold pieces
  5599 | D:6      | Identified the +6 scale mail "Bolof" {-Cast rPois rF+++
                  | rCorr Dex-2} (You bought it in a shop on level 6 of the
                  | Dungeon)
  6015 | D:7      | Found a flagged portal.
  6058 | D:7      | Reached **** piety under Trog
  6121 | D:7      | Found a sand-covered staircase.
  6130 | Ossuary  | Entered an ossuary
  6332 | Ossuary  | Reached skill level 11 in Axes
  6604 | D:7      | Found a blossoming altar of Fedhas.
  6840 | D:7      | Found an iron altar of Okawaru.
  6954 | D:7      | Acquired a scarf of invisibility
  6972 | D:8      | Reached XP level 10. HP: 80/86 MP: 9/9
  7190 | D:8      | Found a glowing silver altar of Zin.
  7199 | D:8      | Reached skill level 5 in Dodging
  7782 | D:8      | Reached skill level 12 in Axes
  8162 | D:9      | Noticed Erolcha
  8168 | D:9      | Killed Erolcha
  8366 | D:9      | Reached ***** piety under Trog
  8375 | D:9      | Reached XP level 11. HP: 88/95 MP: 10/10
  8460 | D:9      | Noticed Grum
  8468 | D:9      | Reached skill level 13 in Axes
  8476 | D:9      | Killed Grum
  8549 | D:9      | Reached skill level 10 in Shields
  8615 | D:9      | Found a staircase to the Orcish Mines.
  8705 | D:9      | Received a gift from Trog
  8706 | D:9      | Reached skill level 1 in Long Blades
  8851 | D:9      | Noticed a two-headed ogre
  8861 | D:9      | Killed a two-headed ogre
  9048 | D:10     | Entered Level 10 of the Dungeon
  9894 | D:10     | Found an ornate altar of the Wu Jian Council.
  9897 | D:10     | Found a hide-covered altar of Uskayaw.
  9897 | D:10     | Found an opulent altar of Gozag.
 10014 | D:10     | Found a radiant altar of Vehumet.
 10014 | D:10     | Found a burning altar of Makhleb.
 10109 | D:11     | Noticed an orc knight
 10127 | D:11     | Killed an orc knight
 10139 | D:11     | Noticed a centaur warrior
 10143 | D:11     | Noticed a fire crab
 10168 | D:11     | Shot with an arrow by a centaur warrior

Illustrated notes

Levels and vault maps discovered:
D:1:      dpeg_arrival_oval, layout_basic, shapermc_ecumenical_altar_rom_forum
D:2:      layout_loops_ring, serial_forest, infiniplex_forest_straight_3,
          infiniplex_forest_clump_medium, infiniplex_forest_lined_4_way,
          infiniplex_forest_lined_room_2, infiniplex_forest_lined_2,
          infiniplex_forest_clump_large
D:3:      layout_rooms, lemuel_coloured_pillars_altar,
          ebering_ghost_inner_flame, minmay_misc_feat_tower, roderic_batcave,
          hex_large, uniq_grinder, uniq_sigmund
D:4:      layout_basic, xom_confusion_cloud, lemuel_temple_firewalk_b
D:5:      wad_pebble_path, layout_layer_cave, nemelex_diamond_rough_becter,
          serial_shops, shop, minmay_misc_feat_tiny, minmay_misc_feat_alley,
          grunt_ministairs_7, chequers_serial_rivers_room_a,
          doesnt_shop_hydraphobe, uniq_pikel
D:6:      layout_cave_pools, kennysheep_small_spiral, nicolae_stop_n_shop_2
D:7:      layout_cave_pools, kennysheep_mini, mainiacjoe_overflow_boulevard,
          enter_bailey_2, nicolae_ossuary_entry_giza, minivault_27
D:8:      minmay_skewed_foursquare, layout_cave_pods,
          mainiacjoe_overflow_brackets
D:9:      layout_cave_pools, zombieorc2_lemuel, minmay_starry_boxes,
          uniq_erolcha, uniq_grum
D:10:     layout_loops_corners, nicolae_overflow_hidden_temple
D:11:     minmay_the_grid_octo_triangle [minmay_the_grid_octo_shrine,
          minmay_the_grid_octo_prize_square_snowflake,
          minmay_the_grid_octo_vomiting_pacman], layout_loops_corners,
          erik_lair_island, uniq_maurice

Skill      XL: |  1  2  3  4  5  6  7  8  9 10 11 |
---------------+----------------------------------+-----
Fighting       | 4 5 6 7 8 9 |  9.4
Axes           | 4 5 6 7 9 11 12 13 | 13.3
Armour         | 3 4 5 7 8 9 |  9.4
Dodging        | 3 4 5 6 |  6.2
Shields        | 1 2 3 4 5 7 9 10 | 10.6
Stealth        | 1 2 |  2.2
Long Blades    | 4 |  4.3
Throwing       | |  0.7

Action                   |  1- 3 |  4- 6 |  7- 9 | 10-12 || total
-------------------------+-------+-------+-------+-------++-------
Melee: Hand axe          |   503 |    27 |   294 |   297 ||  1121
       Headbutt          |   201 |     8 |    86 |   109 ||   404
       Falchion          |       |       |       |    46 ||    46
Throw: Dart              |       |       |     6 |       ||     6
Invok: Berserk           |       |     2 |     7 |     8 ||    17
  Use: Scroll            |     6 |       |     7 |     3 ||    16
Armor: Animal skin       |    10 |       |       |       ||    10
       Leather armour    |    10 |    17 |       |       ||    27
       Chain mail        |       |     1 |    76 |       ||    77
       Scale mail        |       |       |    36 |   131 ||   167
Dodge: Dodged            |    48 |     9 |    73 |   117 ||   247
Block: Tower shield      |     8 |    30 |   244 |   348 ||   630

Table legend: (Time is in decaauts)
 A = Elapsed time spent in this place.
 B = Non-inter-level travel time spent in this place.
 C = Inter-level travel time spent in this place.
 D = Time resting spent in this place.
 E = Time spent auto-exploring this place.
 F = Levels seen in this place.
 G = Mean time per level.
                   A        B        C        D        E       F      G
               +--------+--------+--------+--------+--------+-----+--------+
         Total |  10451 |  10443 |      8 |    688 |   5700 |  12 |  870.9 |
       Dungeon |  10139 |  10131 |      8 |    677 |   5617 |  11 |  921.7 |
       Ossuary |    312 |    312 |      0 |     10 |     83 |   1 |  312.0 |
               +--------+--------+--------+--------+--------+-----+--------+

Top non-repeatable levels by time:
     D:5: 1606 daAuts
     D:2: 1291 daAuts
     D:8: 1140 daAuts
    D:10: 1045 daAuts
     D:9: 1009 daAuts
     D:1: 941 daAuts
     D:6: 861 daAuts
     D:7: 749 daAuts
     D:4: 723 daAuts
     D:3: 673 daAuts
 Ossuary: 312 daAuts
    D:11: 98 daAuts
